 Dungeon Crawl Stone Soup version 0.30.1-3-gfc49f6343a (webtiles) character file.

Game seed: 2998469527995660366

4 booth the Firebug (level 1, 0/13 HPs)
             Began as a Demonspawn Fire Elementalist on July 19, 2023.
             Slain by a kobold
             ... wielding a +0 short sword
              (4 damage)
             ... on level 1 of the Dungeon.
             The game lasted 00:01:11 (95 turns).

booth the Firebug (Demonspawn Fire Elementalist)      Turns: 95, Time: 00:01:11

Health: 0/13       AC:  2    Str:  8    XL:     1   Next: 58%
Magic:  1/3        EV: 12    Int: 16    God:
Gold:   23         SH:  0    Dex: 13    Spells: 3/4 levels left

rFire   . . .        (no weapon)
rCold   . . .        (no shield)
rNeg    . . .        a - +0 robe
rPois   .            (no helmet)
rElec   .            (no cloak)
rCorr   .            (no gloves)
SInv    .            (no boots)
Will    .....        (no amulet)
Stlth   ++           (no ring)
HPRegen 0.22/turn    (no ring)
MPRegen 0.08/turn

%: no passive effects
@: no status effects
A: no striking features
a: no special abilities


You were on level 1 of the Dungeon.
You visited 1 branch of the dungeon, and saw 1 of its levels.

You collected 23 gold pieces.

Inventory:

Armour
 a - a +0 robe (worn)


   Skills:
 + Level 1.8 Dodging
 + Level 1.9 Stealth
 + Level 2.0 Spellcasting
 + Level 1.1 Conjurations
 + Level 2.7 Fire Magic


You had 3 spell levels left.
You knew the following spells:

 Your Spells              Type           Power      Damage    Failure   Level
a - Foxfire               Conj/Fire      28%        2x1d5     10%         1

Your spell library contained the following spells:

 Spells                   Type           Power      Damage    Failure   Level
 Scorch                   Fire           20%        2d5       10%         2
 Inner Flame              Hex/Fire       6%         N/A       34%         3
 Volatile Blastmotes      Fire/Tloc      12%        2d11      34%         3
 Flame Wave               Conj/Fire      7%         2d5       67%         4


Dungeon Overview and Level Annotations

Branches:
Dungeon (1/15)

Altars:

Shops:
D:1 [


Message History

You hit the jackal but do no damage.
The jackal is severely wounded.
The jackal bites you.
You barely miss the jackal.
The jackal is severely wounded.
The jackal misses you. The jackal completely misses you.
You hit the jackal.
The jackal is almost dead.
The jackal barely misses you.
Casting: Foxfire (safe; 10% risk of failure)
Confirm with . or Enter, or press ? or * to list all spells.
You conjure some foxfire!
The jackal stops to sniff the ground.
The jackal barely misses you. The jackal closely misses you.
The foxfire hits the goblin.
You kill the goblin!
You closely miss the kobold.
The foxfire hits the kobold but does no damage.
The jackal bites you but does no damage.
The kobold barely misses you.
You barely miss the kobold. The jackal closely misses you.
The jackal bites you but does no damage.
The kobold hits you with a +0 short sword.
You hit the kobold but do no damage. The jackal barely misses you.
The kobold barely misses you.
Casting: Foxfire (safe; 10% risk of failure)
Confirm with . or Enter, or press ? or * to list all spells.
You conjure some foxfire!
The jackal bites you but does no damage.
The kobold hits you with a +0 short sword.
You barely miss the kobold.
The foxfire hits the kobold.
The kobold is severely wounded.
The jackal bites you but does no damage.
The jackal barely misses you. The kobold hits you but does no damage.
The jackal attacks as you move away! The jackal closely misses you.
A goblin comes into view. It is wielding a +0 club.
The kobold barely misses you. The kobold attacks as you move away!
The kobold hits you with a +0 short sword.
You die...

##... ...g# #((( .... ##.#
#.#. ##'# #.. #. #.###..# #
#.. #. #.....## ...#.##.#
#..#..#####.# #........#
#..>.. #.# #.
#..##@###..#.# ##.##
#..#..##hK....#.# ##.#.#
.##..#..##J#.##.#.####.###.
........##(#.#...#....#####
.##.......h.......###≈≈≈##.
.........†............∩≈#.#
.....##.#####.....###≈≈≈.##
... #.# ##...## ###### #
#.# ##.##


You could see an endoplasm, 2 jackals, a goblin (asleep) and a kobold.

Vanquished Creatures
  2 bats (D:1)
  A goblin (D:1)
  A jackal (D:1)
4 creatures vanquished.

Vanquished Creatures (others)
  8 foxfires (D:1)
8 creatures vanquished.

Grand Total: 12 creatures vanquished

Notes
Turn   | Place    | Note
-------+----------+-------------------------------------------
     0 | D:1      | booth the Demonspawn Fire Elementalist began the quest for
                  | the Orb.
     0 | D:1      | Reached XP level 1. HP: 13/13 MP: 3/3
    34 | D:1      | Found Sunguasatz's Antique Armour Shop.
    95 | D:1      | Slain by a kobold

Illustrated notes

Levels and vault maps discovered:
D:1:      minmay_arrival_shattered_statue, layout_loops_ring, serial_shops,
          nicolae_shop_tiny_waterfront, minmay_tetromino_l4

Action                     || total
---------------------------++-------
  Melee: Unarmed           ||    12
   Cast: Foxfire           ||     6
    Use: Potion            ||     1
 Armour: Robe              ||     8
  Dodge: Dodged            ||    21
